 Dungeon Crawl Stone Soup version 0.19.0 (webtiles) character file.

109 Cacophonie the Cudgeler (level 4, 0/35 HPs)
             Began as a Demonspawn Abyssal Knight on Nov 8, 2016.
             Was a Believer of Lugonu.
             Slain by a gnoll
             ... wielding a +0 whip
              (3 damage)
             ... on level 3 of the Dungeon.
             The game lasted 00:11:02 (2721 turns).

Cacophonie the Cudgeler (Demonspawn Abyssal Knight) Turns: 2721, Time: 00:11:04

Health: 0/35       AC:  3    Str: 13    XL:     4   Next: 59%
Magic:  5/5        EV: 11    Int: 14    God:    Lugonu [**....]
Gold:   153        SH:  0    Dex: 12    Spells: 0 memorised, 3 levels left

rFire  . . .     SeeInvis .     a - +1 mace
rCold  . . .     Gourm    .     b - +0 leather armour
rNeg   . . .     Faith    .     (no shield)
rPois  .         Spirit   .     (no helmet)
rElec  .         Reflect  .     (no cloak)
rCorr  .         Harm     .     (no gloves)
MR     .....                    (no boots)
Stlth  +.........               (no amulet)
                                (no ring)
                                d - ring of flight

@: no status effects
A: claws 1
a: Depart the Abyss, Bend Space, Renounce Religion, Evoke Flight


You were on level 3 of the Dungeon.
You worshipped Lugonu.
Lugonu was pleased with you.
You were not hungry.

You visited 1 branch of the dungeon, and saw 3 of its levels.
You visited the Abyss 1 time.

You collected 153 gold pieces.


Message History

You crush the gnoll like a grape!
The gnoll is severely wounded!
The gnoll completely misses you! The gnoll hits you with a whip!
You barely miss the gnoll!
The gnoll is severely wounded!
The gnoll hits you from afar with a spear!
The gnoll hits you with a whip! * * * don't die
* * * You closely miss the gnoll!
The gnoll is severely wounded!
The gnoll barely misses you! The gnoll hits you but does no damage!
You beat the gnoll like a drum!
The gnoll is almost dead!
You barely miss the gnoll!
The gnoll hits you with a whip!!! * * * don't die
* * * The gnoll completely misses you!
The gnoll hits you from afar with a spear! * * * don't die
* * * The gnoll hits you with a whip! rip

##'#'### # # ....... + #.
#####+####...# #
#.######............# #
##(.............<#..>#####
.....>...................#
.........................#
...........####..........#
........g@.# #..........#
...##.##g### #..........#
....#.##g## #..........#
....g.....# #..........#
..####....# ######.#####
..#.(#....# #.#
..#..#._..# #.#
..#..#....# #.#
..####....# #.#


You could see 3 gnolls.

Inventory:

Hand Weapons
 a - a +1 mace (weapon)
 r - a +2 short sword of distortion
Missiles
 g - 26 stones (quivered)
Armour
 b - a +0 leather armour (worn)
 e - a +0 chain mail
Jewellery
 d - a ring of flight (left claw)
Scrolls
 l - a scroll of enchant weapon {unknown}
 m - a scroll of amnesia {unknown}
 o - 2 scrolls of remove curse {unknown}
 q - a scroll of fear {unknown}
 s - a scroll of identify
 u - a scroll of enchant armour {unknown}
Potions
 f - a potion of cure mutation {unknown}
 h - a potion of cancellation {unknown}
 i - a potion of brilliance {unknown}
 j - 2 potions of curing
 k - a potion of mutation {unknown}
 n - a potion of flight {unknown}
Comestibles
 c - 4 bread rations
 p - a royal jelly
 t - 3 chunks of flesh


   Skills:
 - Level 3.0 Fighting
 + Level 4.4 Maces & Flails
 - Level 1.7 Armour
 - Level 0.8 Dodging
 - Level 2.4 Invocations


You had 3 spell levels left.
You didn't know any spells.


Innate Abilities, Weirdness & Mutations

You have sharp fingernails.

Dungeon Overview and Level Annotations

Branches:
Dungeon (3/15)

Altars:
Elyvilon
Uskayaw
Zin

Annotations:
D:3 Sigmund

Vault maps used:
D:1:      evilmike_arrival_rings
D:2:      zin_academy, lemuel_tele_altar
D:3:      dancing_weapons_uskayaw, lemuel_crystal_altar,
          kennysheep_okawaru_gauntlet, uniq_grinder, uniq_sigmund
Abyss:1:  hangedman_abyss_mock_shop

Vanquished Creatures
  2 adders (D:2)
  4 oozes
  3 worms (D:3)
  A dart slug (D:2)
  A leopard gecko (D:1)
  An orc (D:3)
  5 giant cockroaches
  5 goblins
  5 hobgoblins
  9 jackals (D:1)
  A ball python (D:1)
  6 bats
  4 frilled lizards
  6 kobolds
  5 rats
58 creatures vanquished.

Notes
Turn   | Place    | Note
-------+----------+-------------------------------------------
     0 | Abyss:1  | Cacophonie the Demonspawn Abyssal Knight began the quest for the Orb.
     0 | Abyss:1  | Reached XP level 1. HP: 18/18 MP: 2/2
     2 | Abyss:1  | Found a corrupted altar of Lugonu.
    55 | D:1      | Escaped the Abyss
   178 | D:1      | Reached skill level 2 in Maces & Flails
   373 | D:1      | Gained mutation: You have sharp fingernails. [demonic ancestry]
   373 | D:1      | Reached XP level 2. HP: 24/24 MP: 3/3
   612 | D:1      | Reached skill level 3 in Maces & Flails
   804 | D:1      | Reached ** piety under Lugonu
   804 | D:1      | Reached XP level 3. HP: 29/29 MP: 4/4
  1588 | D:2      | Found a white marble altar of Elyvilon.
  1622 | D:2      | Reached XP level 4. HP: 30/35 MP: 5/5
  1679 | D:2      | Found a glowing silver altar of Zin.
  1693 | D:2      | Reached skill level 4 in Maces & Flails
  1765 | D:3      | Noticed Sigmund
  2701 | D:3      | Noticed a hand axe
  2702 | D:3      | Noticed a dagger
  2704 | D:3      | Found a hide-covered altar of Uskayaw.
  2721 | D:3      | Slain by a gnoll
